 Dungeon Crawl Stone Soup version 0.21.1-1-g345015f (webtiles) character file.

70 inc the Skirmisher (level 4, 36/38 HPs)
             Began as a Demonspawn Gladiator on June 13, 2018.
             Quit the game on level 2 of the Dungeon.
             The game lasted 00:01:36 (1093 turns).

inc the Skirmisher (Demonspawn Gladiator)           Turns: 1093, Time: 00:01:36

Health: 36/38      AC:  4    Str: 14    XL:     4   Next: 3%
Magic:  4/4        EV: 12    Int: 10    God:
Gold:   46         SH:  0    Dex: 15    Spells: 3/3 levels left

rFire    . . .     SeeInvis .   a - +0 flail
rCold    . . .     Gourm    .   (no shield)
rNeg     . . .     Faith    .   b - +0 leather armour
rPois    .         Spirit   .   c - +0 helmet
rElec    .         Reflect  .   (no cloak)
rCorr    .         Harm     .   (no gloves)
MR       .....                  (no boots)
Stlth    +.........             (no amulet)
HPRegen  0.12/turn              (no ring)
MPRegen  0.09/turn              (no ring)

@: no status effects
A: demonic guardian 1, powered by pain 1
a: no special abilities


You were on level 2 of the Dungeon.
You were not hungry.

You visited 1 branch of the dungeon, and saw 2 of its levels.

You collected 46 gold pieces.

Inventory:

Hand Weapons
 a - a +0 flail (weapon)
Missiles
 d - 3 throwing nets (quivered)
Armour
 b - a +0 leather armour (worn)
 c - a +0 helmet (worn)
Scrolls
 e - a scroll of noise {unknown}
 g - 2 scrolls of amnesia {unknown}
 h - a scroll of remove curse {unknown}
 i - a scroll of teleportation {unknown}
 j - 2 scrolls of identify {unknown}
 m - a scroll of blinking {unknown}
 n - a scroll of magic mapping {unknown}
 q - a scroll of immolation {unknown}
Potions
 k - 2 potions of curing {unknown}
 l - 3 potions of lignification {unknown}
 o - a potion of might {unknown}
 p - a potion of magic {unknown}
Comestibles
 f - 3 rations


   Skills:
 + Level 4.3 Fighting
 - Level 2.6 Maces & Flails
 - Level 1.7 Throwing
 - Level 2.6 Dodging


You had 3 spell levels left.
You didn't know any spells.

Dungeon Overview and Level Annotations

Branches:
Dungeon (2/15)

Altars:


Innate Abilities, Weirdness & Mutations

A weak demonic guardian rushes to your aid.
You sometimes gain a little power by taking damage.


Message History

No target in view!
No target in view!
No target in view!
No target in view!
No target in view!
You now have 46 gold pieces (gained 13).
Found a stone staircase leading down.
An adder comes into view.
You see here a scroll labeled QEODOS CURAEBA.
An adder is nearby!
An adder is nearby!
You closely miss the adder. The adder barely misses you.
You thump the adder!
You kill the adder!
You have reached level 4!
You feel agile.
Your demonic ancestry asserts itself...
You feel energised by your suffering.
j - 2 scrolls labeled QEODOS CURAEBA (gained 1)
Found a stone staircase leading up.
Are you sure you want to abandon this character and quit the game? (Confirm with "yes".)

##### #..###.#
##...#.# .
#...#.# .# .
#...#.####.#..
####...#.........
#......+.........
####...#†##.....
##.........#
#........@..#
#.#.###..#..#
#.#. #......# #
#. #...#..#
...#>#..#
.##.#.#..# .
..#.#..#
.......<# .
...#######


There were no monsters in sight!

Vanquished Creatures
  A gnoll (D:2)
  2 adders (D:2)
  An ooze (D:1)
  A dart slug (D:1)
  An orc (D:2)
  A giant cockroach (D:1)
  3 goblins (D:1)
  3 hobgoblins
  5 jackals (D:1)
  4 kobolds (D:1)
  6 bats
  3 frilled lizards
  2 rats (D:1)
33 creatures vanquished.

Notes
Turn   | Place    | Note
-------+----------+-------------------------------------------
     0 | D:1      | inc the Demonspawn Gladiator began the quest for the Orb.
     0 | D:1      | Reached XP level 1. HP: 16/16 MP: 1/1
   167 | D:1      | Gained mutation: A weak demonic guardian rushes to your aid. [demonic ancestry]
   167 | D:1      | Reached XP level 2. HP: 23/23 MP: 2/2
   241 | D:1      | Reached skill level 3 in Fighting
   530 | D:1      | Reached XP level 3. HP: 28/29 MP: 3/3
  1017 | D:2      | Reached skill level 4 in Fighting
  1089 | D:2      | Gained mutation: You sometimes gain a little power by taking damage. [demonic ancestry]
  1089 | D:2      | Reached XP level 4. HP: 36/38 MP: 4/4
  1093 | D:2      | Quit the game

Skill      XL: |  1  2  3 |
---------------+----------+-----
Fighting       | 3 4 |  4.3
Maces & Flails | |  2.6
Throwing       | |  1.7
Dodging        | |  2.6

Action                   |  1- 3 |  4- 6 || total
-------------------------+-------+-------++-------
Melee: Flail             |    83 |       ||    83
  Eat: Chunk             |     1 |       ||     1
Armor: Leather armour    |    36 |       ||    36
Dodge: Dodged            |    72 |       ||    72
